 Dungeon Crawl Stone Soup version 0.28.0-1-gb440e238dd (webtiles) character file.

Game seed: 12997210939433749776

219 Ablot the Grasshopper (level 5, 0/43 HPs)
             Began as a Gnoll Warper on Feb 26, 2022.
             Slain by Grinder (9 damage)
             ... on level 3 of the Dungeon.
             The game lasted 00:05:05 (3680 turns).

Ablot the Grasshopper (Gnoll Warper)                Turns: 3680, Time: 00:05:06

Health: 0/43       AC:  6    Str: 13    XL:     5   Next: 96%
Magic:  12/12      EV: 13    Int: 12    God:
Gold:   65         SH:  0    Dex: 11    Spells: 12/14 levels left

rFire   . . .      SeeInvis .   o - +6 falchion (venom)
rCold   . . .      Faith    .   (no shield)
rNeg    . . .      Spirit   .   b - +0 leather armour
rPois   .          Reflect  .   (no helmet)
rElec   .          Harm     .   (no cloak)
rCorr   .          Rampage  .   (no gloves)
Will    .....                   i - +2 pair of boots
Stlth   +.........              (no amulet)
HPRegen 0.14/turn               (no ring)
MPRegen 0.13/turn               (no ring)

@: no status effects
A: fangs 1, strong nose, distributed training
a: no special abilities


You were on level 3 of the Dungeon.
You visited 1 branch of the dungeon, and saw 3 of its levels.

You collected 81 gold pieces.
You spent 16 gold pieces at shops.

Inventory:

Hand Weapons
 a - a +0 spear
 o - a +6 falchion of venom (weapon)
Missiles
 d - 5 boomerangs of dispersal
 f - 14 sling bullets
 g - 61 stones
 p - 2 poisoned darts (quivered)
 q - 3 boomerangs
Armour
 b - a +0 leather armour (worn)
 i - a +2 pair of boots (worn)
 l - an orb of light
Wands
 h - a wand of flame (21)
Scrolls
 c - a scroll of blinking
 e - 5 scrolls of teleportation {unknown}
 j - 2 scrolls of identify {unknown}
 k - a scroll of holy word {unknown}
 n - a scroll of vulnerability {unknown}
Potions
 m - 2 potions of mutation {unknown}


   Skills:
 + Level 4.9 Fighting
 + Level 1.7 Short Blades
 + Level 1.7 Long Blades
 + Level 1.7 Axes
 + Level 1.7 Maces & Flails
 + Level 4.9 Polearms
 + Level 1.7 Staves
 + Level 1.7 Slings
 + Level 1.7 Bows
 + Level 1.7 Crossbows
 + Level 3.1 Throwing
 + Level 3.1 Armour
 + Level 4.9 Dodging
 + Level 1.7 Stealth
 + Level 1.7 Shields
 + Level 1.7 Unarmed Combat
 + Level 5.2 Spellcasting
 + Level 1.3 Conjurations
 + Level 1.3 Hexes
 + Level 1.3 Summonings
 + Level 1.3 Necromancy
 + Level 5.6 Translocations
 + Level 1.3 Transmutations
 + Level 1.3 Fire Magic
 + Level 1.3 Ice Magic
 + Level 1.3 Air Magic
 + Level 1.3 Earth Magic
 + Level 1.3 Poison Magic
 + Level 1.9 Invocations
 + Level 1.7 Evocations


You had 12 spell levels left.
You knew the following spells:

 Your Spells              Type           Power      Damage    Failure   Level
a - Blink                 Tloc           32%        N/A       3%          2

Your spell library contained the following spells:

 Spells                   Type           Power      Damage    Failure   Level
 Gell's Gravitas          Tloc           16%        N/A       8%          3
 Lesser Beckoning         Tloc           16%        N/A       8%          3
 Teleport Other           Tloc           16%        N/A       8%          3
 Manifold Assault         Tloc           16%        N/A       56%         5


Dungeon Overview and Level Annotations

Branches:
Dungeon (3/15)

Altars:
The Shining One
Jiyva

Shops:
D:1 *

Annotations:
D:3 Grinder


Innate Abilities, Weirdness & Mutations

You have very sharp teeth.
Your uncanny sense of smell can sniff out nearby items.
Your experience applies equally to all skills.


Message History

Unknown command.
You hit Grinder.
Grinder is lightly wounded.
Grinder hits you.
You writhe in agony.
You barely miss Grinder.
Grinder is lightly wounded.
Grinder closely misses you.
You barely miss Grinder.
Grinder is lightly wounded.
Grinder barely misses you.
You closely miss Grinder. Your bite misses Grinder.
Grinder is lightly wounded.
Grinder hits you.
You writhe in agony.
Grinder hits you but does no damage.
You hit Grinder.
Grinder is moderately wounded.
Grinder barely misses you.
You hit Grinder.
Grinder is moderately wounded.
Grinder closely misses you.
You closely miss Grinder.
Grinder is moderately wounded.
Grinder hits you.
You writhe in agony.
You barely miss Grinder.
Grinder is moderately wounded.
Grinder barely misses you.
You hit Grinder.
Grinder is heavily wounded.
Grinder blinks!
Grinder hits you.
You slash Grinder!
Grinder is severely wounded.
Grinder closely misses you.
You hit Grinder.
Grinder is poisoned.
You bite Grinder.
Grinder is almost dead.
Grinder hits you.
* * * LOW HITPOINT WARNING * * *
You hit Grinder.
Grinder looks as sick as possible!
Grinder is almost dead.
Grinder hits you!
You die...

#.######## ∆
#.#....#.
#####.#....... ∆
#.)...#.....$..
###.#####5....#..
#.....(.........#
##.#.(##.#.?#.###
#.....# .#...
#..@..# ##
#..5..# #.#.....#
#.#####... ∆ #...
###.# #### .# #
#######


You could see Grinder (extremely poisoned).

Vanquished Creatures
  Terence (D:3)
  Robin (D:3)
  4 gnolls (D:2)
  6 adders
  2 worms (D:2)
  4 orcs (D:3)
  7 endoplasms
  A giant cockroach (D:1)
  12 goblins
  8 hobgoblins
  7 jackals (D:2)
  3 quokkas
  10 ball pythons
  7 bats
  2 frilled lizards
  2 kobolds (D:1)
  2 rats
79 creatures vanquished.

Vanquished Creatures (others)
  3 plants (D:3)
3 creatures vanquished.

Grand Total: 82 creatures vanquished

Notes
Turn   | Place    | Note
-------+----------+-------------------------------------------
     0 | D:1      | Ablot the Gnoll Warper began the quest for the Orb.
     0 | D:1      | Reached XP level 1. HP: 20/20 MP: 6/6
   262 | D:1      | Reached XP level 2. HP: 26/26 MP: 7/7
   265 | D:1      | Learned a level 2 spell: Blink
   410 | D:1      | Found Ucyfarchuykk's General Store.
   415 | D:1      | Bought 3 poisoned darts for 16 gold pieces
   913 | D:1      | Found a viscous altar of Jiyva.
   918 | D:1      | Reached XP level 3. HP: 22/31 MP: 9/9
  1067 | D:1      | Reached skill level 5 in Spellcasting
  1244 | D:2      | Found a faded altar of an unknown god.
  1624 | D:2      | Reached skill level 1 in Invocations
  1710 | D:2      | Reached skill level 1 in Short Blades
  1710 | D:2      | Reached skill level 1 in Long Blades
  1710 | D:2      | Reached skill level 1 in Axes
  1710 | D:2      | Reached skill level 1 in Maces & Flails
  1710 | D:2      | Reached skill level 1 in Staves
  1710 | D:2      | Reached skill level 1 in Slings
  1710 | D:2      | Reached skill level 1 in Bows
  1710 | D:2      | Reached skill level 1 in Crossbows
  1710 | D:2      | Reached skill level 1 in Stealth
  1710 | D:2      | Reached skill level 1 in Shields
  1710 | D:2      | Reached skill level 1 in Unarmed Combat
  1710 | D:2      | Reached skill level 1 in Evocations
  1719 | D:2      | Reached XP level 4. HP: 36/38 MP: 11/11
  2000 | D:2      | Reached skill level 1 in Conjurations
  2000 | D:2      | Reached skill level 1 in Hexes
  2000 | D:2      | Reached skill level 1 in Summonings
  2000 | D:2      | Reached skill level 1 in Necromancy
  2000 | D:2      | Reached skill level 1 in Transmutations
  2000 | D:2      | Reached skill level 1 in Fire Magic
  2000 | D:2      | Reached skill level 1 in Ice Magic
  2000 | D:2      | Reached skill level 1 in Air Magic
  2000 | D:2      | Reached skill level 1 in Earth Magic
  2000 | D:2      | Reached skill level 1 in Poison Magic
  2137 | D:2      | Reached XP level 5. HP: 39/43 MP: 12/12
  2581 | D:3      | Noticed Grinder
  3132 | D:3      | Found a glowing golden altar of the Shining One.
  3204 | D:3      | Noticed Terence
  3229 | D:3      | Killed Terence
  3420 | D:3      | Noticed Robin
  3426 | D:3      | Killed Robin
  3680 | D:3      | Slain by Grinder

Illustrated notes

Levels and vault maps discovered:
D:1:      erik_arrival_cave_to_civilisation [erik_arrival_cave_to_temple],
          layout_basic, serial_shops, nicolae_shop_hallway_stairs,
          corexii_corridor_pit
D:2:      layout_basic, shapermc_ecumenical_altar_starsandcircs,
          grunt_ministairs_8, minmay_misc_feat_five, st_stairs_1
D:3:      layout_loops_cross, tso_oasis_becter, serial_co_window_serial,
          co_window_paths_b, co_window_corner_a, co_window_corner_a,
          co_window_paths_b, co_window_corner_a, co_window_of_opportunity_a,
          co_window_corner_a, co_window_corner_b, co_window_2corner,
          co_window_broadway_c, co_window_2corner, co_window_paths_c,
          glass_columns_b, glass_columns_a, uniq_robin, uniq_grinder,
          uniq_terence

Skill      XL: |  1  2  3  4  5 |
---------------+----------------+-----
Spellcasting   | 5 |  5.2
Invocations    | 1 |  1.9
Short Blades   | 1 |  1.7
Long Blades    | 1 |  1.7
Axes           | 1 |  1.7
Maces & Flails | 1 |  1.7
Staves         | 1 |  1.7
Slings         | 1 |  1.7
Bows           | 1 |  1.7
Crossbows      | 1 |  1.7
Stealth        | 1 |  1.7
Shields        | 1 |  1.7
Unarmed Combat | 1 |  1.7
Evocations     | 1 |  1.7
Conjurations   | 1 |  1.3
Hexes          | 1 |  1.3
Summonings     | 1 |  1.3
Necromancy     | 1 |  1.3
Transmutations | 1 |  1.3
Fire Magic     | 1 |  1.3
Ice Magic      | 1 |  1.3
Air Magic      | 1 |  1.3
Earth Magic    | 1 |  1.3
Poison Magic   | 1 |  1.3
Throwing       | 3 |  3.1
Armour         | 3 |  3.1
Fighting       | |  4.9
Polearms       | |  4.9
Dodging        | |  4.9
Translocations | |  5.6

Action                   |  1- 3 |  4- 6 || total
-------------------------+-------+-------++-------
Melee: Spear             |   159 |   134 ||   293
       Bite              |     8 |    12 ||    20
       Punch             |       |     3 ||     3
       Falchion          |       |    38 ||    38
Throw: Dart              |       |     9 ||     9
 Stab: Sleeping          |       |     5 ||     5
Armor: Leather armour    |    43 |    35 ||    78
Dodge: Dodged            |    83 |    74 ||   157
